 Dungeon Crawl Stone Soup version 0.32-a0-360-gcd93b57ba1 (webtiles) character file.

Game seed: 7270499058777255942

59 nightchill the Chopper (level 3, -3/33 HPs)
             Began as a Mountain Dwarf Fighter on Feb 18, 2024.
             Slain by Sigmund
             ... wielding a +2 scythe of venom
              (9 damage)
             ... on level 2 of the Dungeon.
             The game lasted 00:01:46 (934 turns).

nightchill the Chopper (Mountain Dwarf Fighter)      Turns: 934, Time: 00:01:47

Health: -3/33      AC:  9    Str: 18    XL:     3   Next: 78%
Magic:  3/3        EV:  7    Int: 10    God:
Gold:   36         SH:  4    Dex:  9    Spells: 2/2 levels left

rFire   . . .        a - +0 war axe
rCold   . . .        c - +0 buckler
rNeg    . . .        h - +0 chain mail
rPois   .            (no helmet)
rElec   .            (no cloak)
rCorr   .            (no gloves)
SInv    .            (no boots)
Will    .....        (no amulet) Stlth
                     (no ring)
HPRegen 0.25/turn    (no ring)
MPRegen 0.08/turn

%: no passive effects
@: no status effects
A: runic magic, artefact enchanting
a: no special abilities


You were on level 2 of the Dungeon.
You visited 1 branch of the dungeon, and saw 2 of its levels.

You collected 36 gold pieces.

Inventory:

Hand Weapons
 a - a +0 war axe (weapon)
Armour
 c - a +0 buckler (worn)
 h - a +0 chain mail (worn)
Scrolls
 e - a scroll of torment
 f - a scroll of fear {unknown}
 g - a scroll of teleportation {unknown}


   Skills:
 + Level 4.0 Fighting
 * Level 4.3 Axes
 - Level 3.2 Armour
 - Level 3.2 Shields


You had 2 spell levels left.
You didn't know any spells.
Your spell library was empty.

Dungeon Overview and Level Annotations

Branches:
Dungeon (2/15)

Altars:

Annotations:
D:2 Sigmund


Innate Abilities, Weirdness & Mutations

Your spellcasting is much less encumbered by armour.
You can use scrolls of enchantment on lesser artefacts.


Message History

You miss the adder. The kobold hits you but does no damage.
The adder bites you.
You are poisoned.
The adder poisons you! The kobold hits you but does no damage.
The adder bites you but does no damage.
You barely miss the kobold.
The kobold is severely wounded.
You barely miss the adder.
You feel sick. The adder bites you but does no damage.
You hear some strange, mumbled words.
A puff of flame appears from out of thin air!
The puff of flame hits you. The kobold hits you but does no damage.
You are too injured to fight recklessly!
You barely miss the kobold.
The kobold is severely wounded.
You slash the adder!
You feel sick. The adder closely misses you. Something hits you.
You are more poisoned.
The kobold barely misses you. The adder bites you.
You are more poisoned.
The adder poisons you!
You hit the kobold.
You kill the kobold!
You hit the adder.
You kill the adder!
* * * LOW HITPOINT WARNING * * *
You feel very sick. Something hits you.
* * * LOW HITPOINT WARNING * * *
You are more poisoned.
Your Fighting skill increases to level 4!
* * * LOW HITPOINT WARNING * * *
You feel extremely sick. You block something's attack.
There is a stone staircase leading up here.
It was a potion of curing.
You feel better.
You closely miss something. Something hits you.
* * * LOW HITPOINT WARNING * * *
You slash something! Something hits you!
You die...

.########
..<.....##
.........##
..........#
..........#
..........#
..........#
..........#
#.....†@)##
.......{.#
.......>..#
..........#
..........#
..<.......#
..........#
....$....##


There were no monsters in sight!

Vanquished Creatures
  An adder (D:2)
  3 ball pythons (D:1)
  3 endoplasms (D:1)
  A giant cockroach (D:1)
  3 goblins (D:1)
  3 hobgoblins (D:1)
  5 kobolds
  A quokka (D:1)
  5 bats (D:1)
  2 rats (D:1)
27 creatures vanquished.

Notes
Turn   | Place    | Note
-------+----------+-------------------------------------------
     0 | D:1      | nightchill the Mountain Dwarf Fighter began the quest for
                  | the Orb.
     0 | D:1      | Reached XP level 1. HP: 19/19 MP: 1/1
   312 | D:1      | Reached XP level 2. HP: 25/26 MP: 2/2
   534 | D:1      | Reached XP level 3. HP: 18/33 MP: 3/3
   875 | D:2      | Noticed Sigmund
   934 | D:2      | Slain by Sigmund

Illustrated notes

Levels and vault maps discovered:
D:1:      beargit_arrival_greenhouse, layout_loops_ring
D:2:      kennysheep_the_goblin_king, layout_rooms,
          hellmonk_ecumenical_altar_run_dry, minmay_box_of_dots, uniq_sigmund

Skill      XL: |  1  2  3 |
---------------+----------+-----
Axes           | 3 4 |  4.3
Fighting       | 4 |  4.0
Armour         | |  3.2
Shields        | |  3.2

Action                     || total
---------------------------++-------
  Melee: War axe           ||    91
    Use: Potion            ||     2
         Scroll            ||     1
 Armour: Scale mail        ||    71
         Chain mail        ||    16
  Dodge: Dodged            ||    53
  Block: Buckler           ||    18

Table legend: (Time is in decaauts)
 A = Elapsed time spent in this place.
 B = Non-inter-level travel time spent in this place.
 C = Inter-level travel time spent in this place.
 D = Time resting spent in this place.
 E = Time spent auto-exploring this place.
 F = Levels seen in this place.
 G = Mean time per level.
                   A        B        C        D        E       F      G
               +--------+--------+--------+--------+--------+-----+--------+
         Total |    967 |    929 |     38 |    215 |    464 |   2 |  483.5 |
       Dungeon |    967 |    929 |     38 |    215 |    464 |   2 |  483.5 |
               +--------+--------+--------+--------+--------+-----+--------+

Top non-repeatable levels by time:
     D:1: 953 daAuts
     D:2: 14 daAuts
